 Dungeon Crawl Stone Soup version 0.24-a0-498-ge00f04a (webtiles) character file.

Game seed: 7903911335272519926

415 silenth the Digger (level 6, -5/32 HPs)
             Began as a Deep Elf Earth Elementalist on July 14, 2019.
             Slain by a hound (6 damage)
             ... on level 5 of the Dungeon.
             The game lasted 00:06:58 (4044 turns).

silenth the Digger (Deep Elf Earth Elementalist)    Turns: 4044, Time: 00:06:59

Health: -5/32      AC:  3    Str:  5    XL:     6   Next: 60%
Magic:  0/15       EV: 13    Int: 22    God:
Gold:   223        SH:  0    Dex: 15    Spells: 9/15 levels left

rFire    + . .     SeeInvis .   n - +0 short sword (venom)
rCold    . . .     Gourm    .   (no shield)
rNeg     . . .     Faith    .   c - +0 robe
rPois    .         Spirit   .   (no helmet)
rElec    .         Reflect  .   (no cloak)
rCorr    .         Harm     .   (no gloves)
MR       .....                  q - +0 pair of boots
Stlth    ++........             (no amulet)
HPRegen  0.10/turn              g - ring of protection from fire
MPRegen  0.14/turn              (no ring)

@: very slightly contaminated, invisible
A: no striking features
a: no special abilities


You were on level 5 of the Dungeon.
You were not hungry.

You visited 1 branch of the dungeon, and saw 5 of its levels.

You collected 223 gold pieces.

Inventory:

Hand Weapons
 d - a +0 dagger
 l - a +0 spear
 n - a +0 short sword of venom (weapon)
 x - a +0 falchion of holy wrath
Missiles
 b - 98 stones (quivered)
Armour
 c - a +0 robe (worn)
 q - a +0 pair of boots (worn)
Jewellery
 g - a ring of protection from fire (left hand)
Wands
 v - a wand of random effects (9)
 z - a wand of flame (10)
Scrolls
 f - a scroll of enchant armour {unknown}
 h - a scroll of teleportation {unknown}
 i - a scroll of identify
 k - 2 scrolls of fear {unknown}
 p - a scroll of noise {unknown}
 r - 2 scrolls of immolation {unknown}
 s - a scroll of enchant weapon {unknown}
 t - a scroll of magic mapping {unknown}
 u - 3 scrolls of amnesia {unknown}
 w - a scroll of random uselessness {unknown}
 y - a scroll of fog {unknown}
Potions
 a - 3 potions of cancellation
 o - 2 potions of agility
Comestibles
 e - 5 rations


   Skills:
 - Level 2.4 Dodging
 - Level 2.4 Stealth
 + Level 5.2 Spellcasting
 * Level 3.7 Conjurations
 - Level 1.1 Transmutations
 * Level 6.2 Earth Magic


You had 9 spell levels left.
You knew the following spells:

 Your Spells              Type           Power        Failure   Level  Hunger
a - Sandblast             Erth           ####..       1%          1    None
b - Passwall              Tmut/Erth      ###.....     3%          2    None
c - Stone Arrow           Conj/Erth      ####..       3%          3    ##.....

Your spell library contained the following spells:

 Spells                   Type           Power        Failure   Level  Hunger
 Petrify                  Tmut/Erth      ###.....     22%         4    ####...
 Lee's Rapid Deconstruct  Erth           ####......   22%         5    #####..


Dungeon Overview and Level Annotations

Branches:
Dungeon (5/15)
 Temple: D:4-7

Altars:
Ashenzari


Message History

Press: ? - help, Shift-Dir - straight line, f/p - hound
Aim: a hound The puff of frost hits the hound!
The hound is heavily wounded.
The hound closely misses you. The hound bites you.
* * * LOW HITPOINT WARNING * * *
Evoke which item? (* to show all) (? for menu, Esc to quit)
Aiming: Random Effects
Press: ? - help, Shift-Dir - straight line, f/p - hound
Aim: a hound (heavily wounded)
The hound flickers and vanishes!
Deactivating autopickup; reactivate with Ctrl-A.
Something bites you.
* * * LOW HITPOINT WARNING * * *
Evoke which item? (* to show all) (? for menu, Esc to quit)
Aiming: Random Effects
Press: ? - help, Shift-Dir - straight line, f - jelly
Aim: a jelly Nothing appears to happen.
Something bites you.
You die...

#.....#........#
#.....#........#........
###.....##..##...#........
....#######+##...#........
....#............#........
....'............#........
....#...##..##...#........
....##########...#<...$...
....# #..@#........ ....#
#...{J....... ....#
#####..?..... #####
#.....?.. +........
#........ #........
#.>...... .......


You could see a jelly.

Vanquished Creatures
  A howler monkey (D:4)
  A crimson imp (D:5)
  2 hounds
  A jelly (D:4)
  Jessica (D:2)
  3 worker ants
  3 gnolls (D:2)
  2 adders (D:3)
  A shadow imp (D:3)
  An ooze (D:3)
  An adder skeleton (D:4)
  4 worms
  2 dart slugs
  3 leopard geckos (D:4)
  2 orcs (D:3)
  8 giant cockroaches
  5 goblins
  5 hobgoblins (D:2)
  8 jackals (D:3)
  2 quokkas
  3 ball pythons (D:3)
  6 bats
  2 frilled lizards
  9 kobolds
  7 rats
83 creatures vanquished.

Notes
Turn   | Place    | Note
-------+----------+-------------------------------------------
     0 | D:1      | silenth the Deep Elf Earth Elementalist began the quest for
                  | the Orb.
     0 | D:1      | Reached XP level 1. HP: 10/10 MP: 6/6
   212 | D:1      | Reached XP level 2. HP: 15/15 MP: 5/8
   774 | D:2      | Reached skill level 4 in Earth Magic
   979 | D:2      | Noticed Jessica
   994 | D:2      | Killed Jessica
   994 | D:2      | Reached XP level 3. HP: 19/19 MP: 7/10
  1076 | D:2      | Reached skill level 4 in Spellcasting
  1277 | D:2      | Found a shattered altar of Ashenzari.
  1426 | D:2      | Learned a level 2 spell: Passwall
  1430 | D:2      | Learned a level 3 spell: Stone Arrow
  1536 | D:2      | Reached XP level 4. HP: 14/24 MP: 1/12
  1540 | D:2      | Reached skill level 1 in Conjurations
  2138 | D:3      | Reached skill level 5 in Earth Magic
  2431 | D:3      | Reached XP level 5. HP: 28/28 MP: 9/13
  2583 | D:3      | Reached skill level 2 in Conjurations
  3508 | D:4      | Reached skill level 3 in Conjurations
  3581 | D:4      | Reached XP level 6. HP: 32/32 MP: 13/15
  3692 | D:4      | Reached skill level 5 in Spellcasting
  3934 | D:5      | Entered Level 5 of the Dungeon
  3948 | D:5      | Reached skill level 6 in Earth Magic
  4043 | D:5      | HP: 1/32 [something (4)]
  4044 | D:5      | Slain by a hound

Levels and vault maps discovered:
D:1:      wander_arrival_fairy_ring, layout_rooms
D:2:      layout_basic, first_ration, ashenzari_altar_1, uniq_jessica
D:3:      minmay_general_purpose_star, layout_basic
D:4:      layout_basic
D:5:      layout_gridville, minmay_temple_entry_sparse_star

Skill      XL: |  1  2  3  4  5  6 |
---------------+-------------------+-----
Earth Magic    | 4 5 6 |  6.2
Spellcasting   | 4 5 |  5.2
Conjurations   | 1 3 |  3.7
Dodging        | |  2.4
Stealth        | |  2.4
Transmutations | |  1.1

Action                   |  1- 3 |  4- 6 || total
-------------------------+-------+-------++-------
Melee: Dagger            |     9 |       ||     9
       Spear             |    26 |       ||    26
       Short sword       |     8 |   100 ||   108
 Cast: Sandblast         |    30 |    33 ||    63
       Stone Arrow       |     3 |     9 ||    12
Evoke: Wand              |       |     3 ||     3
  Use: Scroll            |       |     5 ||     5
       Potion            |       |     2 ||     2
 Stab: Sleeping          |     2 |     9 ||    11
  Eat: Chunk             |     2 |     8 ||    10
Armor: Robe              |     9 |    20 ||    29
Dodge: Dodged            |    21 |    90 ||   111

Table legend:
 A = Non-vault XP
 B = Vault XP
 C = Vault XP percentage of total XP
 D = Non-vault monster count
 E = Vault monster count
 F = Vault count percentage of total count
                 A         B        C        D         E       F
            +---------+---------+-------+---------+---------+-------
      Total |     538 |      56 |   9.4 |      79 |       4 |   4.8
            +---------+---------+-------+---------+---------+-------
        D:1 |      21 |       0 |   0.0 |      12 |       0 |   0.0
        D:2 |      73 |      37 |  33.6 |      22 |       1 |   4.3
        D:3 |      75 |      19 |  20.2 |      27 |       3 |  10.0
        D:4 |     241 |       0 |   0.0 |      14 |       0 |   0.0
        D:5 |     128 |       0 |   0.0 |       4 |       0 |   0.0
            +---------+---------+-------+---------+---------+-------
